Map: Prion Terraces

Players

Freizya - Winner!

  • Race: Terran Terran
  • League: Master

Wellmet

  • Race: Terran Terran
  • League: Diamond

VOD

Have the link to the VOD?

Description

Time

  • Played on: Nov. 14, 2015, 11:33 p.m.
  • Length: 17:31
Show
View Real Time Build Order
Export as new Build Order

Freizya Terran - Winner!

Build Orders:  

Get SALT Encoding   

  12  0:01  SCV  
  13  0:16  Supply Depot  
  13  0:18  SCV  
  14  0:30  SCV  
  14  0:32  Refinery  
  15  0:41  Barracks  
  15  0:46  SCV  
  16  0:58  SCV  
  17  1:10  SCV  
  18  1:23  SCV  
  19  1:27  Marine  
  20  1:34  Command Center  
  20  1:43  Orbital Command  
  20  1:59  Marine  
  21  2:02  Supply Depot  
  21  2:07  Factory  
  21  2:09  SCV  
  21  2:14  Refinery  
  22  2:22  SCV  
  23  2:24  Barracks Reactor  
  23  2:39  SCV  
  24  2:46  Orbital Command  
  24  2:51  SCV  
  25  2:57  Starport  
  25  3:04  SCV  
  26  3:07  Hellion x2  
  26  3:10  Barracks Reactor  
  30  3:24  SCV  
  30  3:25  SCV  
  32  3:29  Hellion x2  
  36  3:36  SCV  
  36  3:38  SCV  
  36  3:40  Medivac  
  40  3:48  SCV  
  41  3:49  Marine x2  
  41  3:50  SCV  
  41  3:54  Bunker  
  44  4:00  SCV  
  44  4:02  SCV  
  46  4:05  Barracks  
  46  4:08  Barracks  
  46  4:12  Factory Tech Lab  
  46  4:13  Supply Depot  
  46  4:21  Engineering Bay  
  46  4:34  Viking, Marine x2  
  46  4:35  SCV x2  
  52  4:39  Supply Depot  
  52  4:47  SCV x2  
  52  4:49  Missile Turret  
  54  4:53  Missile Turret  
  54  5:01  SCV x2, Siege Tank  
  59  5:13  SCV  
  56  5:23  Marine x2  
  56  5:24  Barracks Reactor, Barracks Tech Lab  
  58  5:29  SCV  
  58  5:30  SCV  
  58  5:35  Missile Turret  
  60  5:42  SCV x2  
  62  5:45  Refinery  
  62  5:47  Refinery  
  62  5:49  Terran Infantry Weapons Level 1, Supply Depot  
  62  5:51  Supply Depot  
  62  5:52  Stimpack  
  62  5:53  Supply Depot  
  62  5:54  Supply Depot  
  62  6:10  Marine x2  
  62  6:11  SCV x2, Marauder  
  68  6:17  Marine x2  
  68  6:18  Siege Tank  
  69  6:19  Medivac  
  69  6:22  Medivac  
  69  6:23  SCV x2  
  75  6:32  Marauder  
  77  6:35  Command Center, SCV x2  
  79  6:41  Marine x2  
  79  6:44  Marine x2  
  83  6:47  SCV x2  
  83  6:51  Supply Depot  
  83  6:54  Marauder  
  87  6:59  Marine x2  
  89  7:07  Marine x2  
  91  7:08  Barracks  
  91  7:10  Barracks  
  91  7:13  Armory, Engineering Bay  
  91  7:15  Marauder  
  93  7:17  Marine  
  88  7:30  Marine  
  88  7:32  Marine  
  88  7:33  Marine  
  88  7:35  Marine  
  88  7:36  Marauder  
  94  7:40  SCV  
  94  7:41  SCV  
  96  7:45  Terran Infantry Armor Level 1  
  96  7:49  Supply Depot  
  94  7:51  Supply Depot  
  94  7:58  Marauder  
  94  8:00  Marine x3  
  94  8:01  Marine  
  94  8:04  Barracks Reactor  
  94  8:05  Barracks Reactor  
  98  8:12  SCV x2  
  100  8:13  Orbital Command  
  100  8:18  Marine x3  
  100  8:19  Marauder  
  105  8:20  Terran Infantry Weapons Level 2  
  105  8:24  SCV  
  92  8:27  Barracks x2  
  92  8:28  Barracks  
  92  8:30  Marine  
  93  8:36  Marine x3  
  93  8:41  Marine x4, Marauder  
  98  8:48  Marine  
  103  8:50  Medivac  
  103  8:53  Orbital Command  
  103  8:54  Marine x3  
  108  8:59  Marine x4  
  108  9:02  Marauder  
  114  9:04  Supply Depot  
  114  9:05  Supply Depot  
  114  9:09  Siege Tank  
  117  9:10  Marine  
  117  9:12  Marine x3  
  121  9:17  Marine  
  121  9:23  Marauder  
  104  9:29  Marine x2  
  98  9:36  Marine x5  
  98  9:38  Barracks Reactor  
  103  9:39  Barracks Reactor x2  
  103  9:40  Supply Depot  
  103  9:42  Terran Infantry Armor Level 2  
  103  9:44  Marine  
  103  9:45  Supply Depot, Marauder  
  106  9:47  Marine x2  
  108  9:56  Marine x5  
  108  9:59  Medivac x2  
  117  10:02  Marine  
  117  10:05  Marine x3  
  121  10:14  Marine x5  
  121  10:16  Command Center  
  121  10:19  Marine  
  117  10:22  Marine x4  
  117  10:23  Marine x5  
  126  10:29  Medivac  
  126  10:30  Medivac  
  126  10:32  Marine x5  
  131  10:37  Marine  
  131  10:40  Marine x4  
  131  10:41  Marine x3  
  137  10:47  Marine  
  137  10:48  Marine  
  129  10:52  Marine  
  129  10:53  Marine x4  
  129  10:55  Marine  
  135  10:58  Marine  
  135  10:59  Medivac  
  138  11:08  Marine x5  
  138  11:09  Marine x3  
  138  11:10  Marine x2  
  138  11:11  Terran Infantry Weapons Level 3, Marine  
  149  11:17  Siege Tank  
  152  11:18  Medivac  
  118  11:39  Marine x4  
  116  11:42  Marine x4  
  116  11:43  Marine x6, Marauder  
  122  11:48  Medivac x2  
  126  11:57  Marine x4  
  126  12:00  Marine x4  
  126  12:01  Marine x4  
  135  12:04  Marauder, Marine x2  
  135  12:05  Planetary Fortress  
  142  12:14  Marine  
  142  12:15  Marine x2  
  145  12:19  Command Center  
  145  12:20  Marine x5  
  150  12:23  Marine  
  150  12:24  Marine x4  
  150  12:25  Marauder, Marine  
  154  12:32  Marine  
  154  12:33  Marine  
  154  12:34  Marine  
  157  12:37  Marine x2  
  157  12:38  Marine x2  
  157  12:39  Terran Infantry Armor Level 3, Marine  
  157  12:41  Marine x2  
  157  12:42  Marine x2  
  157  12:43  Marine x2  
  168  12:47  Marauder  
  168  12:50  Marine x2  
  133  12:58  Marine x2  
  133  12:59  Marine x4  
  133  13:04  Liberator  
  133  13:05  Liberator  
  126  13:13  Combat Shields  
  126  13:16  Marine x2  
  126  13:17  Marauder, Marine x9  
  126  13:18  Marine x3  
  144  13:20  Siege Tank  
  150  13:34  Marine x5  
  150  13:35  Marine x5  
  150  13:38  Marauder  
  162  13:45  Planetary Fortress  
  162  13:48  Marine  
  162  13:52  Siege Tank  
  162  13:53  Marine  
  162  13:54  Marine x2  
  163  13:58  Marine  
  163  13:59  Marauder  
  163  14:01  Marine x2  
  164  14:04  Marine  
  164  14:05  Marine  
  164  14:09  Marine  
  167  14:14  Marine x2  
  169  14:19  Marine x4  
  169  14:21  Marauder, Marine  
  173  14:24  Siege Tank  
  173  14:25  Marine x3  
  173  14:26  Marine x2  
  173  14:30  Marine  
  176  14:31  Marine  
  176  14:32  Marine  
  176  14:33  Marine  
  176  14:34  Liberator x2  
  176  14:36  Marine  
  176  14:37  Marine x2  
  174  14:42  Marauder  
  174  14:43  Marine x4  
  174  14:44  Marine  
  173  14:48  Marine  
  173  14:52  Marine x2  
  180  15:02  Marine x3  
  180  15:03  Marine  
  162  15:07  Marauder, Marine x2  
  118  15:22  Marine x2  
  118  15:23  Marine x10  
  130  15:29  Marauder  
  130  15:31  Marine  
  130  15:32  Marine  
  132  15:40  Marine x2  
  132  15:41  Marine x2  
  131  15:42  Marine  
  131  15:43  Marine x7  
  131  15:49  Marine  
  140  15:50  Marauder  
  140  15:53  Marine  
  143  15:58  Marine x2  
  143  15:59  Marine x2  
  143  16:00  Marine  
  143  16:04  Marine x5  
  149  16:05  Marine  
  149  16:11  Marauder, Marine x2  
  156  16:13  Marine  
  156  16:16  Marine x2  
  161  16:24  Command Center  
  150  16:28  Marine x2  
  150  16:29  Marine x6  
  150  16:30  Marine x4  
  159  16:33  Marauder  
  159  16:34  Marine x2  
  163  16:46  Marine  
  153  16:48  Marine x4  
  153  16:49  Marine x7  
  153  16:50  Medivac x2  
  153  16:51  Marine  
  168  17:00  Marine x2  
  168  17:04  Marine  
  168  17:06  Marine x5  
  168  17:07  Marine x2  
  176  17:08  Marine x2  
  176  17:09  Marine  
Show
View Real Time Build Order
Export as new Build Order

Wellmet Terran 

Build Orders: Reaper Expand 

Get SALT Encoding   

  12  0:01  SCV  
  13  0:13  SCV  
  14  0:18  Supply Depot  
  14  0:25  SCV  
  15  0:39  SCV  
  15  0:41  Barracks  
  16  0:44  Refinery  
  16  0:51  SCV  
  17  1:03  SCV  
  18  1:16  SCV  
  19  1:29  Orbital Command  
  19  1:30  Reaper  
  20  1:45  Command Center  
  20  1:56  SCV  
  20  2:00  Supply Depot  
  20  2:03  Barracks Reactor  
  20  2:08  SCV  
  21  2:12  Refinery  
  21  2:20  SCV  
  22  2:28  Factory  
  22  2:32  SCV  
  23  2:41  Marine x2  
  25  2:44  SCV  
  26  2:56  SCV  
  26  2:57  Orbital Command  
  27  3:00  Marine  
  27  3:01  Marine  
  29  3:08  SCV  
  30  3:17  Starport  
  30  3:18  Factory Tech Lab  
  30  3:21  Marine x2  
  30  3:25  SCV x2  
  34  3:35  Bunker  
  34  3:37  SCV x2  
  34  3:39  Marine x2  
  38  3:47  Factory Tech Lab  
  38  3:49  SCV x2  
  38  3:53  Supply Depot  
  40  3:57  Marine x2  
  40  4:01  SCV x2  
  40  4:02  Cloaking Field  
  44  4:13  SCV  
  44  4:14  SCV, Siege Tank, Banshee  
  44  4:15  Supply Depot  
  44  4:16  Marine x2  
  54  4:36  Command Center, Marine x2  
  54  4:37  SCV x2  
  58  4:41  Supply Depot  
  58  4:49  SCV x2  
  60  4:59  Siege Tank  
  61  5:00  Banshee  
  61  5:04  SCV  
  59  5:08  Marine x2  
  58  5:17  SCV  
  58  5:19  SCV  
  54  5:25  Marine  
  54  5:26  Marine  
  56  5:29  SCV  
  57  5:36  SCV  
  57  5:39  Siege Tank  
  58  5:43  SCV  
  58  5:47  Marine  
  58  5:48  Marine  
  61  5:50  Barracks  
  61  5:52  Barracks  
  61  5:54  Starport Reactor, Orbital Command  
  62  5:57  SCV x2  
  61  6:05  Marine  
  61  6:10  SCV x2  
  59  6:21  SCV  
  59  6:22  SCV x2, Marine  
  59  6:23  Siege Tank  
  66  6:29  Supply Depot  
  66  6:34  SCV x2  
  66  6:35  Orbital Command  
  68  6:46  SCV, Stimpack  
  69  6:48  SCV  
  69  6:49  Marine x4, Refinery, Starport Reactor  
  74  6:57  Supply Depot, Refinery, Marine  
  74  6:58  SCV  
  74  7:01  SCV x2  
  77  7:07  Marine  
  79  7:10  SCV  
  79  7:13  SCV x2  
  79  7:14  Marine x3  
  81  7:26  SCV  
  81  7:27  SCV x2  
  81  7:29  Marine x2  
  86  7:31  Siege Tank  
  86  7:32  Medivac  
  91  7:39  Marine  
  92  7:48  Command Center  
  92  7:51  Marine  
  89  7:56  Marine x2  
  85  8:00  SCV  
  85  8:01  SCV x2, Barracks  
  85  8:03  Refinery, Marine x2  
  85  8:04  Barracks  
  85  8:08  Siege Tank, Medivac  
  85  8:12  SCV  
  84  8:13  SCV, Marine  
  84  8:17  Marine x2  
  84  8:30  SCV  
  84  8:31  Marine  
  84  8:32  Marine  
  87  8:34  SCV  
  87  8:35  SCV  
  87  8:38  Barracks  
  87  8:40  Barracks  
  89  8:42  Engineering Bay, Marine x2  
  89  8:43  Supply Depot, Medivac  
  89  8:44  Medivac  
  89  8:45  Engineering Bay  
  89  8:47  SCV x2, Marine x2  
  99  8:54  Barracks Reactor  
  99  9:05  Marine x3  
  102  9:13  Planetary Fortress  
  102  9:14  Marine x3  
  105  9:22  SCV  
  105  9:23  Marine x3  
  84  9:32  Marine x3  
  84  9:34  Barracks Reactor  
  84  9:36  Siege Tank  
  84  9:38  Barracks Reactor x2  
  90  9:40  Command Center  
  90  9:42  SCV x2, Missile Turret  
  90  9:43  Terran Infantry Weapons Level 1  
  92  9:48  Missile Turret, Marine x2  
  92  9:49  Marine  
  92  9:50  Missile Turret  
  92  9:52  Marine x2  
  96  9:55  SCV x2, Barracks x2  
  96  9:56  Barracks  
  96  9:58  Marine  
  96  9:59  Marine  
  101  10:03  Refinery, Missile Turret  
  101  10:06  Marine x2  
  101  10:07  Marine  
  103  10:08  Siege Tank  
  103  10:10  Marine x2  
  103  10:11  Marine x2  
  103  10:13  Medivac  
  113  10:16  Marine x2  
  113  10:18  Marine x3  
  113  10:19  Marine  
  119  10:22  SCV  
  119  10:23  SCV x2  
  119  10:25  Marine x2  
  121  10:30  SCV  
  121  10:32  Factory  
  121  10:34  SCV  
  121  10:35  Factory  
  112  10:37  Marine x7  
  112  10:38  Marine x2  
  112  10:39  Marine  
  112  10:42  Marine x2  
  118  10:49  Marine x2  
  117  10:51  Marine x2  
  117  10:54  Marine  
  117  10:55  Orbital Command, Marine x3  
  117  10:57  SCV x2  
  125  11:00  Siege Tank  
  125  11:01  Marine x2  
  130  11:04  Marine  
  130  11:05  Marine x2  
  130  11:09  Marine x2  
  135  11:11  Medivac x2  
  135  11:18  Terran Infantry Armor Level 1  
  139  11:22  Marine  
  139  11:23  Armory  
  139  11:24  Marine  
  139  11:25  Marine x3  
  139  11:28  Marine  
  139  11:29  Marine x3  
  101  11:37  Marine x2  
  101  11:38  Marine x2  
  106  11:40  Marine  
  106  11:41  Barracks Reactor x2  
  106  11:43  Marine x2  
  106  11:44  Marine x2  
  106  11:45  Command Center, Marine  
  109  11:47  Command Center  
  109  11:48  Siege Tank  
  109  11:49  Factory Tech Lab  
  109  11:53  Marine x2  
  114  11:54  Marine x3  
  114  11:55  Factory Tech Lab, Marine x2  
  114  11:56  Marine  
  114  12:01  Refinery  
  120  12:04  Refinery, Sensor Tower, Marine x5  
  120  12:06  Marine  
  126  12:11  Marine  
  126  12:12  Marine x2  
  126  12:13  Sensor Tower, Marine x2  
  131  12:17  Combat Shields  
  131  12:19  Marine x2  
  131  12:20  Siege Tank  
  134  12:26  Marine  
  134  12:27  Marine x3  
  134  12:28  Marine  
  139  12:34  Supply Depot  
  139  12:36  SCV x2, Siege Tank, Marine x3  
  147  12:37  Supply Depot  
  147  12:46  Marine  
  147  12:51  Marine  
  127  12:52  Marine  
  127  12:53  Marine  
  127  12:56  Marine x4  
  127  12:57  Supply Depot, Marine x9  
  121  12:59  Marine  
  121  13:04  Marine  
  122  13:08  Marine  
  122  13:10  Siege Tank, Marine  
  122  13:11  Marine  
  116  13:14  Marine x3  
  116  13:17  Marine x5  
  116  13:18  Marine  
  120  13:25  Marine x3  
  123  13:31  Marine  
  123  13:33  Marine x2  
  126  13:36  Marine  
  126  13:37  Marine x3  
  126  13:40  Marine  
  131  13:41  Marine x2  
  131  13:47  Marine x2  
  135  13:49  Marine  
  135  13:51  Marine  
  135  13:52  Marine x3  
  135  13:53  Siege Tank  
  135  13:54  Siege Tank  
  145  13:57  Marine x3  
  146  14:06  Marine x2  
  146  14:09  Siege Tank  
  151  14:16  Marine x2  
  151  14:23  Marine x3  
  149  14:24  Marine  
  149  14:25  Siege Tank  
  149  14:26  Marine x2  
  155  14:37  Marine x4  
  158  14:41  Marine x4  
  158  14:42  Engineering Bay, Marine x2  
  161  14:46  Siege Tank x2, Engineering Bay, Marine  
  161  14:47  Marine  
  168  14:54  Marine  
  158  15:07  Marine x2  
  158  15:09  Marine x2  
  158  15:10  Marine x6  
  119  15:14  Marine x2  
  119  15:20  Marine x2  
  107  15:24  SCV x2  
  107  15:27  Marine  
  109  15:35  Planetary Fortress  
  104  15:36  SCV  
  100  15:43  Armory  
  100  15:45  Marine  
  101  15:50  Marine x3  
  101  15:54  Marine  
  101  15:55  Marine  
  106  15:57  SCV  
  106  16:01  Marine x3  
  110  16:06  Marine  
  110  16:09  Marauder  
  113  16:17  Starport  
  112  16:20  Marine x2  
  104  16:26  Marine x2  
  104  16:27  Marine x5  
  104  16:28  Marine x2  
  104  16:29  Marine x3  
  107  16:34  Marine x2  
  107  16:37  Marine x2  
  108  16:43  Marine  
  108  16:44  Marine  
  108  16:47  Marine x5  
  94  16:55  Marine x3  
  94  16:57  Marine x2  
  97  17:02  Marine  
  97  17:05  Marine  
  97  17:06  Marine x2  
  103  17:10  Marine  
  103  17:11  Marine x2  
Tags
 
Add a new tag
Caveats
  • Supply blocks, unpowered buildings, or Contaminate may cause inaccurate times.
  • Supply counts are checked every 10 seconds.